 Dungeon Crawl Stone Soup version 0.29-a0-553-g81b289dbe5 (webtiles) character file.

Game seed: 6311968838792929332

10 tilp the Grave Robber (level 2, -3/20 HPs)
             Began as a Mummy Necromancer on June 6, 2022.
             Slain by a worm (9 damage)
             ... on level 2 of the Dungeon.
             The game lasted 00:02:39 (799 turns).

tilp the Grave Robber (Mummy Necromancer)            Turns: 799, Time: 00:02:39

Health: -3/20      AC:  2    Str: 11    XL:     2   Next: 10%
Magic:  1/5        EV: 12    Int: 14    God:
Gold:   77         SH:  0    Dex: 12    Spells: 5/6 levels left

rFire   x . .      SeeInvis .   a - +0 dagger
rCold   + . .      Faith    .   (no shield)
rNeg    + + +      Spirit   .   d - +0 robe
rPois   ∞          Reflect  .   (no helmet)
rElec   .          Harm     .   (no cloak)
rCorr   .          Rampage  .   (no gloves)
Will    .....                   (no boots)
Stlth   ++........              (no amulet)
HPRegen 0.06/turn               (no ring)
MPRegen 0.09/turn               (no ring)

@: very slightly contaminated
A: cold resistance 1, negative energy resistance 3, torment resistance 2, heat
vulnerability 1, no potions
a: no special abilities


You were on level 2 of the Dungeon.
You visited 1 branch of the dungeon, and saw 3 of its levels.

You collected 77 gold pieces.

Inventory:

Hand Weapons
 a - a +0 dagger (weapon)
Missiles
 e - 14 stones
Armour
 c - an orb of energy
 d - a +0 robe (worn)
Wands
 b - a wand of charming (7)
Scrolls
 f - a scroll of poison {unknown}


   Skills:
 + Level 0.6 Fighting
 + Level 1.8 Dodging
 + Level 1.8 Stealth
 + Level 2.9 Spellcasting
 - Level 4.0 Necromancy


You had 5 spell levels left.
You knew the following spells:

 Your Spells              Type           Power      Damage    Failure   Level
a - Necrotize             Necr           52%        1d6       4%          1

Your spell library contained the following spells:

 Spells                   Type           Power      Damage    Failure   Level
 Vampiric Draining        Necr           13%        2d6       13%         3
 Animate Dead             Necr           13%        N/A       38%         4
 Agony                    Necr           13%        N/A       75%         5


Dungeon Overview and Level Annotations

Branches:
Dungeon (3/15)

Altars:

Shops:
D:2 =

Annotations:
D:2 Terence


Innate Abilities, Weirdness & Mutations

You are immune to poison.
Your flesh is cold resistant. (rC+)
You are immune to negative energy. (rN+++)
You are immune to unholy pain and torment.
You are vulnerable to heat. (rF-)
You do not drink.


Message History

Retreat in which direction?
Press: ? - help, Dir - move target, p - Terence Fall back!
There is a faded altar of an unknown god here.
A worm comes into view.
Found a bubbling dark potion.
The worm bites you.
You hit the worm.
The worm is moderately wounded.
The worm closely misses you.
Unknown command.
Casting: Necrotize (safe; 4% risk of failure)
Confirm with . or Enter, or press ? or * to list all spells.
Aiming: Necrotize (safe; 4% risk of failure)
Press: ? - help, Shift-Dir - straight line, f - worm
Aim: a worm (lightly wounded, chance to affect: 76%)
The worm barely resists.
Unknown command.
Casting: Necrotize (safe; 4% risk of failure)
Confirm with . or Enter, or press ? or * to list all spells.
Aiming: Necrotize (safe; 4% risk of failure)
Press: ? - help, Shift-Dir - straight line, f/p - worm
Aim: a worm (lightly wounded, chance to affect: 76%)
You miscast Necrotize.
You are very lightly contaminated with residual magic.
Nothing appears to happen.
The worm bites you!
* * * LOW HITPOINT WARNING * * *
Casting: Necrotize (safe; 4% risk of failure)
Confirm with . or Enter, or press ? or * to list all spells.
Aiming: Necrotize (safe; 4% risk of failure)
Press: ? - help, Shift-Dir - straight line, f/p - worm
Aim: a worm (lightly wounded, chance to affect: 76%)
The worm writhes in agony.
Unknown command.
Casting: Necrotize (safe; 4% risk of failure)
Confirm with . or Enter, or press ? or * to list all spells.
Aiming: Necrotize (safe; 4% risk of failure)
Press: ? - help, Shift-Dir - straight line, f/p - worm
Aim: a worm (moderately wounded, chance to affect: 76%)
The worm writhes in agony.
The worm bites you!
You die...

...........#.∩...#
##.###.
##.........##....#
#.....
#......##########
###### ######.# .
##### #.# #..
#.... #.# P..
##### #.# #P
#.####.#####
#...@w.....!
############


You could see a worm.

Vanquished Creatures
  A worm (D:2)
  A giant cockroach (D:1)
  2 goblins (D:1)
  A ball python (D:2)
  A bat (D:3)
  A frilled lizard (D:1)
  A rat (D:3)
8 creatures vanquished.

Notes
Turn   | Place    | Note
-------+----------+-------------------------------------------
     0 | D:1      | tilp the Mummy Necromancer began the quest for the Orb.
     0 | D:1      | Reached XP level 1. HP: 13/13 MP: 4/4
    68 | D:1      | You fall into a shaft and drop 1 floor!
    68 | D:2      | Found Funitaojur's Jewellery Shoppe.
   269 | D:2      | Reached XP level 2. HP: 7/20 MP: 1/5
   480 | D:2      | Found a faded altar of an unknown god.
   692 | D:2      | Noticed Terence
   799 | D:2      | Slain by a worm

Illustrated notes

Levels and vault maps discovered:
D:1:      heliophobic_arrival_henge, layout_loops_cross
D:2:      layout_loops_ring, serial_shops, shop, shop, shop,
          basic_ecumenical_altar, serial_aquarium, aquarium_bridge_straight
          [aquarium_subvault_bridge, aquarium_subvault_wall,
          aquarium_subvault_bridge, aquarium_subvault_wall],
          aquarium_window_fake, aquarium_window_1, aquarium_window_fake,
          aquarium_view_2f, aquarium_balcony_double_1, aquarium_pool_2,
          uniq_terence
D:3:      layout_rooms, grunt_ministairs_14

Action                   || total
-------------------------++-------
Melee: Dagger            ||     7
 Cast: Necrotize         ||    16
Evoke: Wand              ||     1
Armor: Robe              ||     2
Dodge: Dodged            ||     3

Table legend: (Time is in decaauts)
 A = Elapsed time spent in this place.
 B = Non-inter-level travel time spent in this place.
 C = Inter-level travel time spent in this place.
 D = Time resting spent in this place.
 E = Time spent auto-exploring this place.
 F = Levels seen in this place.
 G = Mean time per level.
                   A        B        C        D        E       F      G
               +--------+--------+--------+--------+--------+-----+--------+
         Total |    798 |    736 |     62 |    292 |     44 |   3 |  266.0 |
       Dungeon |    798 |    736 |     62 |    292 |     44 |   3 |  266.0 |
               +--------+--------+--------+--------+--------+-----+--------+

Top non-repeatable levels by time:
     D:2: 672 daAuts
     D:1: 68 daAuts
     D:3: 58 daAuts
